 Dungeon Crawl Stone Soup version 0.30-a0-576-g89cddaab80 (webtiles) character file.

Game seed: 11301866141941836040

281298 wormed the Tortoise (level 19, 0/181 HPs)
             Began as an Armataur Fighter on Dec 30, 2022.
             Was the Champion of Okawaru.
             Killed from afar by an ironbound thunderhulk (31 damage)
             ... with a bolt of lightning
             ... on level 1 of the Vaults on Dec 31, 2022.
             The game lasted 01:16:40 (35381 turns).

wormed the Tortoise (Armataur Fighter)             Turns: 35381, Time: 01:16:40

Health: 0/181      AC: 52    Str: 31    XL:     19   Next: 70%
Magic:  28/28      EV: 11    Int:  9    God:    Okawaru [******]
Gold:   5164       SH: 15    Dex: 15    Spells: 18/18 levels left

rFire   + + +      SeeInvis +    z - +8 eveningstar "Mutoqoe" {drain, Str+3 Dex+4}
rCold   + . .      Faith    .    E - +0 kite shield {reflect}
rNeg    + . .      Spirit   .    W - +16 crystal plate armour "Bismohos" {Rampage Regen+ Slay+2 SInv}
rPois   +          Reflect  +    Z - +2 hat {Will+}
rElec   .          Harm     .    y - scarf {rC+ rF+}
rCorr   .          Roll     +    v - +1 pair of gloves {hurl}
Will    +++..                    Q - +2 barding of Goceec Nymudgh {Will+ Slay+2} Stlth
                                 U - amulet of regeneration
HPRegen 2.10/turn                J - +5 ring of evasion
MPRegen 0.21/turn                p - ring of Harmony {rPois rF++ rC- rN+ Slay+6}

@: no status effects
A: large, rugged brown scales 3, deformed body, armoured tail, roll, long
tongue, awkward tongue, horns 1, cold resistance 1, MP-powered wands
}: 2/15 runes: decaying, gossamer
a: Renounce Religion, Heroism, Finesse, Duel


You were on level 1 of the Vaults.
You worshipped Okawaru.
Okawaru was exalted by your worship.
You visited 8 branches of the dungeon, and saw 35 of its levels.

You collected 5261 gold pieces.
You spent 97 gold pieces at shops.

Inventory:

Hand Weapons
 z - the +8 eveningstar "Mutoqoe" (weapon) {drain, Str+3 Dex+4}
   (You acquired it on level 4 of the Spider Nest)

   A truly terrible weapon, it drains the life of any living foe it strikes.
   Str:       It affects your strength (+3).
   Dex:       It affects your dexterity (+4).
Missiles
 c - a throwing net
 j - 53 poisoned darts (quivered)
Armour
 l - the +1 robe of Vines {NoPotionHeal Regen++++}
   (You found it on level 5 of the Lair of Beasts)

   Its wearer cannot be healed by potions.
   Regen:     It increases your rate of health regeneration.
 v - a +1 pair of gloves of hurling (worn)
 y - a scarf of resistance (worn)
 E - a +0 kite shield of reflection (worn)
 Q - the +2 barding of Goceec Nymudgh (worn) {Will+ Slay+2}
   (Okawaru gifted it to you on level 10 of the Dungeon)

   Slay:      It affects your accuracy & damage with ranged weapons and melee
   (+2).
   Will:      It increases your willpower.
 W - the +16 crystal plate armour "Bismohos" (worn) {Rampage Regen+ Slay+2 SInv}
   (Okawaru gifted it to you on level 4 of the Spider Nest)

   Slay:      It affects your accuracy & damage with ranged weapons and melee
   (+2).
   SInv:      It lets you see invisible.
   Regen:     It increases your rate of health regeneration.
   Rampage:   It bestows one free step when moving towards enemies.
 Z - a +2 hat of willpower (worn)
Jewellery
 m - the ring of Yrros {Fly rC- MP+9 Str+5}
   (You found it on level 1 of the Swamp)

   [ring of flight]

   Str:       It affects your strength (+5).
   rC:        It makes you vulnerable to cold.
   MP:        It affects your magic capacity (+9).
   Fly:       It grants you flight.
 p - the ring of Harmony (right hand) {rPois rF++ rC- rN+ Slay+6}
   (You found it on level 4 of the Lair of Beasts)

   [ring of positive energy]

   Slay:      It affects your accuracy & damage with ranged weapons and melee
   (+6).
   rF:        It greatly protects you from fire.
   rC:        It makes you vulnerable to cold.
   rPois:     It protects you from poison.
   rN:        It protects you from negative energy.
 J - a +5 ring of evasion (left hand)
 R - a ring of protection from cold
 U - an amulet of regeneration (around neck)
Wands
 a - a wand of iceblast (18)
 G - a wand of paralysis (36)
 H - a wand of polymorph (17)
 N - a wand of quicksilver (26)
 O - a wand of flame (99)
 P - a wand of digging (11)
 Y - a wand of mindburst (29)
Scrolls
 e - 9 scrolls of magic mapping
 h - 5 scrolls of vulnerability
 i - 9 scrolls of fog
 k - a scroll of torment
 q - 3 scrolls of poison
 r - 7 scrolls of immolation
 t - 8 scrolls of blinking
 u - 3 scrolls of identify
 w - 17 scrolls of teleportation
 x - 4 scrolls of fear
 A - 2 scrolls of brand weapon
 C - 7 scrolls of amnesia
 L - 5 scrolls of enchant weapon
 S - 2 scrolls of silence
 V - 8 scrolls of enchant armour
Potions
 b - 4 potions of invisibility
 d - 3 potions of mutation
 f - 8 potions of curing
 g - 6 potions of haste
 n - 7 potions of brilliance
 s - 7 potions of ambrosia
 D - 4 potions of berserk rage
 F - 9 potions of lignification
 I - 9 potions of attraction
 K - 8 potions of flight
 M - 4 potions of magic
 T - 4 potions of might
 X - 3 potions of cancellation


   Skills:
 + Level 15.5 Fighting
 - Level 16.0 Maces & Flails
 * Level 5.4 Throwing
 + Level 19.6 Armour
 - Level 8.0 Dodging
 + Level 18.2 Shields
 - Level 12.0 Invocations


You had 18 spell levels left.
You didn't know any spells.
Your spell library contained the following spells:

 Spells                   Type           Power      Damage    Failure   Level
 Apportation              Tloc           0%         N/A       99%         1
 Foxfire                  Conj/Fire      0%         2x1d4     99%         1
 Freeze                   Ice            0%         1d3       99%         1
 Kiss of Death            Conj/Necr      0%         2d5       99%         1
 Magic Dart               Conj           0%         1d3       99%         1
 Sandblast                Erth           0%         2d4       99%         1
 Shock                    Conj/Air       0%         1d3       99%         1
 Sting                    Tmut/Pois      0%         1d3       99%         1
 Passwall                 Tmut/Erth      0%         N/A       100%        2
 Poisonous Vapours        Pois/Air       0%         N/A       100%        2
 Scorch                   Fire           0%         2d5       100%        2
 Searing Ray              Conj           0%         2d4       100%        2
 Confusing Touch          Hex            0%         N/A       100%        3
 Frozen Ramparts          Ice            0%         1d1       100%        3
 Hailstorm                Conj/Ice       0%         3d3       100%        3
 Ignite Poison            Fire/Tmut/Pois 0%         N/A       100%        3
 Inner Flame              Hex/Fire       0%         N/A       100%        3
 Kindle Blastsparks       Fire/Tloc/Air  0%         2d10      100%        3
 Portal Projectile        Hex/Tloc       0%         N/A       100%        3
 Stone Arrow              Conj/Erth      0%         3d7       100%        3
 Swiftness                Air            0%         N/A       100%        3
 Airstrike                Air            0%         2d(0-16)  100%        4
 Dispel Undead            Necr           0%         3d6       100%        4
 Flame Wave               Conj/Fire      0%         2d4       100%        4
 Fulminant Prism          Conj/Hex       0%         3d5       100%        4
 Ice Form                 Ice/Tmut       0%         N/A       100%        4
 Leda's Liquefaction      Hex/Erth       0%         N/A       100%        4
 Manifold Assault         Tloc           0%         N/A       100%        4
 Olgreb's Toxic Radiance  Pois           0%         N/A       100%        4
 Passage of Golubria      Tloc           0%         N/A       100%        4
 Petrify                  Tmut/Erth      0%         N/A       100%        4
 Sticky Flame             Conj/Fire      0%         2d3       100%        4
 Alistair's Intoxication  Tmut/Pois      0%         N/A       100%        5
 Blade Hands              Tmut           0%         N/A       100%        5
 Borgnjor's Vile Clutch   Necr/Erth      0%         N/A       100%        5
 Fireball                 Conj/Fire      0%         3d3       100%        5
 Lee's Rapid Deconstruct  Erth           0%         3d4*      100%        5
 Metabolic Englaciation   Hex/Ice        0%         N/A       100%        5
 Silence                  Hex/Air        0%         N/A       100%        5
 Dispersal                Tloc           0%         N/A       100%        6
 Eringya's Noxious Bog    Tmut/Pois      0%         N/A       100%        6
 Statue Form              Tmut/Erth      0%         N/A       100%        6
 Disjunction              Tloc           0%         N/A       100%        8
 Lehudib's Crystal Spear  Conj/Erth      0%         10d2      100%        8
 Call Canine Familiar     Summ           Unusable   N/A       N/A         3
 Tukima's Dance           Hex            Unusable   N/A       N/A         3
 Summon Ice Beast         Ice/Summ       Unusable   N/A       N/A         4
 Summon Lightning Spire   Summ/Air       Unusable   N/A       N/A         4
 Simulacrum               Ice/Necr       Unusable   N/A       N/A         6

Dungeon Overview and Level Annotations

Branches:
Dungeon (15/15)            Temple (1/1) D:7            Lair (5/5) D:9
  Swamp (4/4) Lair:2       Spider (4/4) Lair:3        Slime (0/5) Lair:5
    Orc (2/2) D:9             Elf (3/3) Orc:2        Vaults (1/5) D:13
 Depths (0/4) D:15

Altars:
Ashenzari
Cheibriados
Dithmenos
Elyvilon
Fedhas
Gozag
Hepliaklqana
Kikubaaqudgha
Makhleb
Nemelex Xobeh
Okawaru
Qazlal
Ru
Sif Muna
Trog
Uskayaw
Vehumet
Wu Jian
Xom
Yredelemnul
Zin
The Shining One
Jiyva

Shops:
D:7 *   Orc:1 :   Orc:2 [((*[   Elf:2 *?=   Elf:3 ?(?

Annotations:
D:14 2 runed translucent doors


Innate Abilities, Weirdness & Mutations

You are completely covered in rugged brown scales. (AC +3, +7% HP)
Armour fits poorly on your strangely shaped body.
You have a long armoured tail.
You roll when moving toward enemies. (Rampage)
Your long tongue fully drains potion bottles. (2x potion effects)
Your tongue gives you trouble enunciating. (1.5x scroll delay)
You have a pair of small horns on your head.
Your flesh is cold resistant. (rC+)
You expend magic power (3 MP) to strengthen your wands.


Message History

You block the vault guard's attack.
The ironbound thunderhulk shouts!
You bludgeon the ironbound thunderhulk!!
You headbutt the ironbound thunderhulk.
The ironbound thunderhulk is severely wounded.
The ironbound thunderhulk hits you but does no damage.
The vault warden activates a sealing rune.
The vault guard hits you but does no damage.
The vault guard hits you with a +0 long sword!
* * * LOW HITPOINT WARNING * * *
You bludgeon the vault guard!! You drain the vault guard.
You tail-slap the vault guard!
The vault guard is heavily wounded.
You puncture the vault guard! You drain the vault guard.
The vault guard is almost dead.
The vault guard barely misses you.
An ironbound frostheart comes into view.
The vault guard hits you but does no damage.
The ironbound thunderhulk barely misses you.
You impale the vault guard!!
You kill the vault guard!
Okawaru accepts your kill.
Electricity crackles from the ironbound thunderhulk's apparatus.
The bolt of lightning hits you!!!
* * * LOW HITPOINT WARNING * * *
The vault sentinel unwields a +0 war axe.
The vault sentinel wields a +0 arbalest.
The vault sentinel shoots a bolt.
The bolt misses you. You block the vault guard's attack.
You slurp down every last drop of the 10 potions of curing!
You feel better.
The ironbound thunderhulk hits you with a +0 dire flail!!
* * * LOW HITPOINT WARNING * * *
You block the vault guard's attack.
The vault warden hits you but does no damage.
You slurp down every last drop of the 9 potions of curing!
You feel better.
Electricity crackles from the ironbound thunderhulk's apparatus.
The bolt of lightning hits you!!
You die...

#....+ #....#
+....# #....#
+....# #....#
#....# #..p.#
#..O@# #..pp#
#...........
...............
..p....O.......
...............
...............
..#####'#######
.. $..


You could see a vault warden, 2 ironbound thunderhulks, a vault guard, an
ironbound frostheart and a vault sentinel.

Vanquished Creatures
  5 deep elf blademasters
  3 deep elf master archers (Elf:3)
  2 thorn hunters
  A storm dragon (Elf:1)
  A shadow dragon (Elf:1)
  Kirke (Spider:1)
  Donald (Spider:1)
  8 emperor scorpions
  9 deep elf sorcerers
  4 ghost moths (Spider:4)
  An ironbound preserver (D:13)
  A broodmother (Spider:4)
  The ghost of snackwell the Fighter, a journeyman DsRe of Gozag (Swamp:1)
  4 deep elf elementalists
  3 orc warlords (Orc:1)
  4 eleionomae
  7 deep elf demonologists
  3 deep elf annihilators (Elf:3)
  A dire elephant (D:15)
  A spark wasp (Swamp:1)
  Azrael (Spider:1)
  4 bunyips
  5 deep elf death magi
  Snorg (Orc:2)
  2 entropy weavers
  2 fire dragons (Elf:1)
  5 deep elf high priests
  22 hydras
  The ghost of SirDiesAlot the Prestidigitator, a journeyman DEFE of Sif Muna (Elf:1)
  A vault guard (Vaults:1)
  2 shambling mangroves (Swamp:4)
  A yaktaur captain (Vaults:1)
  2 jorogumos
  2 ogre magi (D:15)
  8 centaur warriors
  2 radroaches
  2 catoblepae
  A two-headed ogre (shapeshifter) (D:13)
  13 two-headed ogres
  A tengu warrior (D:13)
  6 boulder beetles
  27 dancing weapons
  A deep troll shaman (Lair:5)
  13 alligators
  A deep troll earth mage (Elf:2)
  An orc high priest (Elf:1)
  25 death yaks
  A spriggan berserker (Swamp:4)
  6 spriggans
  13 deep elf knights
  8 skeletal warriors
  9 goliath frogs
  6 orb spiders
  Amaemon (Lair:1)
  3 pharaoh ants (Spider:4)
  6 spriggan druids
  13 swamp dragons
  A sun moth (Spider:1)
  6 bog bodies
  4 steelbarb worms
  Pikel (D:8)
  3 lindwurms
  11 deep elf archers
  9 orc knights
  26 deep elf zephyrmancers
  A wolf spider (shapeshifter) (D:11)
  27 deep elf pyromancers
  29 wolf spiders
  6 orc sorcerers
  3 cyclopes
  4 manticores
  15 ugly things
  4 moths of wrath
  A salamander (D:15)
  3 will-o-the-wisps
  4 elephants (Lair:5)
  5 black mambas
  An orange demon (Lair:1)
  Joseph (D:8)
  Maurice (D:11)
  An ice statue (D:14)
  3 torpor snails
  8 demonic crawlers
  4 rime drakes
  11 cane toads
  A freezing wraith (D:10)
  A kobold demonologist (D:13)
  A rime drake (shapeshifter) (Elf:1)
  3 yaktaurs (Vaults:1)
  2 tengu conjurers
  3 komodo dragons
  6 meliai (Spider:4)
  4 trolls
  7 tyrant leeches
  23 tarantellas
  6 hornets
  12 slime creatures
  A bloated husk (Swamp:1)
  2 polar bears (Lair:5)
  13 blink frogs
  24 jumping spiders
  2 shadows
  23 culicivoras
  2 wraiths (D:13)
  42 yaks
  3 water elementals (Elf:3)
  2 wyverns
  2 vampires
  6 fire elementals
  5 hogs (Spider:1)
  68 redbacks
  4 basilisks
  A basilisk (shapeshifter) (Elf:2)
  A steam dragon (D:7)
  16 vampire mosquitoes
  13 swamp worms
  10 wargs
  6 hell hounds (Spider:1)
  7 water moccasins
  A black bear (shapeshifter) (Elf:2)
  13 swamp drakes
  57 orc warriors
  3 black bears
  7 ogres
  13 wolves
  23 centaurs
  3 lemures (D:8)
  2 kobold brigands (D:10)
  10 bullfrogs
  6 earth elementals
  3 scorpions
  23 wights
  6 killer bees (D:9)
  4 howler monkeys
  3 electric eels
  4 lava snakes (Lair:4)
  4 hounds
  17 orc priests
  6 iguanas
  18 orc wizards
  8 gnolls
  13 adders
  2 white imps (D:6)
  A worm (D:3)
  A dart slug (D:2)
  97 orcs
  10 ball pythons
  12 endoplasms
  4 giant cockroaches
  16 goblins
  19 hobgoblins
  7 jackals
  2 quokkas
  6 bats
  3 frilled lizards
  16 kobolds
  8 rats
  A spectral hobgoblin (D:2)
1246 creatures vanquished.

Vanquished Creatures (others)
  A skeletal warrior (D:12)
  A deep elf pyromancer (D:12)
  4 bloated husks
  An air elemental (Elf:2)
  A water elemental (Elf:2)
  A redback (Spider:1)
  2 orc wizards (Orc:2)
  4 orcs
  A briar patch (Swamp:4)
  17 foxfires
  10 fungi
  23 plants
66 creatures vanquished.

Grand Total: 1312 creatures vanquished

Notes
Turn   | Place    | Note
-------+----------+-------------------------------------------
     0 | D:1      | wormed the Armataur Fighter began the quest for the Orb.
     0 | D:1      | Reached XP level 1. HP: 19/19 MP: 1/1
   136 | D:1      | Reached XP level 2. HP: 9/26 MP: 2/2
   630 | D:1      | Reached skill level 4 in Armour
   633 | D:1      | Reached XP level 3. HP: 32/32 MP: 3/3
  1203 | D:2      | Found a faded altar of an unknown god.
  1330 | D:2      | Reached XP level 4. HP: 39/40 MP: 4/4
  2473 | D:4      | Reached XP level 5. HP: 48/48 MP: 5/5
  3026 | D:4      | Reached XP level 6. HP: 54/54 MP: 6/6
  3191 | D:4      | Reached skill level 5 in Armour
  3439 | D:5      | Entered Level 5 of the Dungeon
  3477 | D:5      | Noticed a wyvern
  3507 | D:4      | Killed a wyvern
  3508 | D:4      | Reached XP level 7. HP: 31/63 MP: 7/7
  3645 | D:4      | Reached skill level 5 in Shields
  3886 | D:5      | Reached skill level 5 in Maces & Flails
  4310 | D:5      | Reached skill level 6 in Armour
  4518 | D:5      | Reached XP level 8. HP: 44/71 MP: 8/8
  5404 | D:6      | Reached skill level 5 in Fighting
  5797 | D:7      | Found Taatuq's Tempting Trifles.
  5804 | D:7      | Identified the +9 flail "Faodalai" {flame, rF++ Int-2
                  | Dex+3}
  6017 | D:7      | Found a staircase to the Ecumenical Temple.
  6026 | Temple   | Entered the Ecumenical Temple
  6033 | Temple   | Became a worshipper of Warmaster Okawaru
  6077 | D:7      | Reached skill level 7 in Armour
  6832 | D:8      | Noticed a slime creature
  6832 | D:8      | Noticed a slime creature
  6832 | D:8      | Noticed a slime creature
  6861 | D:8      | Killed a slime creature
  6861 | D:8      | Reached * piety under Okawaru
  6862 | D:8      | Reached XP level 9. HP: 47/79 MP: 9/9
  7150 | D:8      | Noticed Pikel
  7168 | D:8      | Killed Pikel
  7168 | D:8      | Reached ** piety under Okawaru
  7458 | D:8      | Reached skill level 8 in Armour
  7904 | D:8      | Noticed Joseph
  7912 | D:8      | Killed Joseph
  7912 | D:8      | Reached *** piety under Okawaru
  7913 | D:8      | Reached XP level 10. HP: 71/89 MP: 10/10
  7978 | D:8      | Found an ornate altar of the Wu Jian Council.
  7978 | D:8      | Found a glowing silver altar of Zin.
  7978 | D:8      | Found a radiant altar of Vehumet.
  7978 | D:8      | Found a hazy altar of Hepliaklqana.
  7985 | D:8      | Found an opulent altar of Gozag.
  7985 | D:8      | Found a blossoming altar of Fedhas.
  8430 | D:9      | Noticed a two-headed ogre
  8893 | D:9      | Found a staircase to the Orcish Mines.
  9169 | D:9      | Reached skill level 9 in Armour
  9174 | D:9      | Reached **** piety under Okawaru
  9469 | D:9      | Identified the +7 whip of Wurem {heavy, Fly rN+ Str-4}
  9773 | D:9      | Found a staircase to the Lair.
 10068 | D:8      | Killed a two-headed ogre
 10137 | D:10     | Entered Level 10 of the Dungeon
 10431 | D:10     | Found a bloodstained altar of Trog.
 10523 | D:10     | Reached skill level 10 in Maces & Flails
 10581 | D:10     | Reached ***** piety under Okawaru
 10610 | D:10     | Noticed a manticore
 10623 | D:10     | Killed a manticore
 10624 | D:10     | Reached XP level 11. HP: 77/98 MP: 11/11
 10714 | D:10     | Noticed an orc knight
 10715 | D:10     | Noticed a green ugly thing
 10832 | D:10     | Reached skill level 10 in Armour
 10835 | D:10     | Identified the +2 barding of Goceec Nymudgh {Will+ Slay+2}
                  | (Okawaru gifted it to you on level 10 of the Dungeon)
 10835 | D:10     | Received a gift from Okawaru
 11151 | D:10     | Killed a green ugly thing
 11222 | D:11     | Noticed a two-headed ogre
 11230 | D:11     | Killed a two-headed ogre
 11422 | D:11     | Noticed Maurice
 11429 | D:11     | Killed Maurice
 11454 | D:11     | Noticed a two-headed ogre
 11454 | D:11     | Noticed a catoblepas
 11474 | D:11     | Killed a catoblepas
 11489 | D:11     | Killed a two-headed ogre
 11706 | D:11     | Noticed a wolf spider
 11710 | D:11     | Killed a wolf spider
 12102 | D:10     | Noticed an orc knight
 12129 | D:10     | Killed an orc knight
 12130 | D:10     | Reached skill level 10 in Shields
 12529 | D:10     | Killed an orc knight
 12530 | D:10     | Reached skill level 11 in Armour
 12806 | Lair:1   | Entered Level 1 of the Lair of Beasts
 12834 | Lair:1   | Reached XP level 12. HP: 73/110 MP: 12/12
 13020 | Lair:1   | Noticed Amaemon
 13073 | Lair:1   | Killed Amaemon
 13196 | Lair:1   | Reached ****** piety under Okawaru
 13199 | Lair:1   | Identified the +1 barding of Mool {rPois rF+++ Str-2 Int+4}
                  | (Okawaru gifted it to you on level 1 of the Lair of Beasts)
 13199 | Lair:1   | Received a gift from Okawaru
 13240 | Lair:1   | Noticed an eight-headed hydra
 13250 | Lair:1   | Killed an eight-headed hydra
 13521 | Lair:1   | Reached skill level 1 in Invocations
 14057 | Lair:2   | Noticed a five-headed hydra
 14066 | Lair:2   | Killed a five-headed hydra
 14175 | Lair:2   | Reached skill level 12 in Armour
 14329 | Lair:2   | Found a staircase to the Swamp.
 15058 | Lair:3   | Reached skill level 5 in Invocations
 15257 | Lair:3   | Found a hole to the Spider Nest.
 15285 | Lair:3   | Reached XP level 13. HP: 101/120 MP: 15/17
 15937 | Lair:4   | Reached skill level 10 in Fighting
 16113 | Lair:4   | Identified the +6 plate armour of Uxteu {Int+3} (Okawaru
                  | gifted it to you on level 4 of the Lair of Beasts)
 16113 | Lair:4   | Received a gift from Okawaru
 16569 | Lair:4   | Found a runed translucent door.
 16903 | Lair:4   | Reached skill level 13 in Armour
 16981 | Lair:4   | Found a runed translucent gate.
 16981 | Lair:4   | Found a runed translucent gate.
 16981 | Lair:4   | Found a runed translucent gate.
 16981 | Lair:4   | Found a runed translucent gate.
 16981 | Lair:4   | Found a runed translucent gate.
 16981 | Lair:4   | Found a runed translucent gate.
 17160 | Lair:4   | Identified the ring of Harmony {rPois rF++ rC- rN+ Slay+6}
 17249 | Lair:5   | Entered Level 5 of the Lair of Beasts
 17456 | Lair:5   | Identified the +4 war axe "Widowmaker" {flame, rPois rCorr
                  | Int-4 Dex+8}
 17714 | Lair:5   | Reached XP level 14. HP: 120/130 MP: 20/20
 17730 | Lair:5   | Identified the +2 barding of Lust {Harm Str-4 Int+5 Dex+4}
                  | (Okawaru gifted it to you on level 5 of the Lair of Beasts)
 17730 | Lair:5   | Received a gift from Okawaru
 17821 | Lair:5   | Identified the +7 shortbow of Dowdy Valour {drain, rF++ rN+
                  | Int+3}
 17918 | Lair:5   | Reached skill level 14 in Armour
 18158 | Lair:5   | Reached skill level 10 in Invocations
 18307 | Lair:5   | Found a staircase to the Slime Pits.
 18308 | Lair:5   | Found a viscous altar of Jiyva.
 18353 | Lair:5   | Found the +1 robe of Vines {NoPotionHeal Regen++++}
 18995 | D:12     | Reached skill level 1 in Dodging
 19342 | D:13     | Found a sacrificial altar of Ru.
 19393 | D:13     | Identified the +3 barding "Uqutip" {rC+ Int+4} (Okawaru
                  | gifted it to you on level 13 of the Dungeon)
 19393 | D:13     | Received a gift from Okawaru
 19713 | D:13     | Found a gate to the Vaults.
 19729 | D:13     | Noticed an ironbound preserver
 19740 | D:13     | Killed an ironbound preserver
 20191 | D:14     | Found a large runed translucent door.
 20192 | D:14     | Found a large runed translucent door.
 20562 | D:14     | Found a frozen archway.
 20571 | D:14     | Reached XP level 15. HP: 138/139 MP: 23/23
 20625 | D:15     | Entered Level 15 of the Dungeon
 20833 | D:15     | Received a gift from Okawaru
 20897 | D:15     | Reached skill level 15 in Armour
 20991 | D:15     | Found a staircase to the Depths.
 22178 | Orc:1    | Entered Level 1 of the Orcish Mines
 22207 | Orc:1    | Reached skill level 5 in Dodging
 22232 | Orc:1    | Found Oweleoll's Book Emporium.
 22565 | Orc:2    | Entered Level 2 of the Orcish Mines
 22565 | Orc:2    | Found Tygo Rao's Antique Armour Shop.
 22623 | Orc:2    | Noticed Snorg
 22640 | Orc:2    | Killed Snorg
 22686 | Orc:2    | Received a gift from Okawaru
 22858 | Orc:2    | Found Boni's Weapon Shop.
 22858 | Orc:2    | Found Junwydet's Weapon Emporium.
 22859 | Orc:2    | Found Loliclim's Antique Armour Shoppe.
 22864 | Orc:2    | Found Fomel's General Store.
 22946 | Orc:2    | Found a staircase to the Elven Halls.
 23422 | Orc:1    | Gained mutation: You are weak. (Str -2) [a neqoxec]
 23528 | Orc:1    | Lost intelligence.
 23559 | Orc:1    | Got the Spellbook of Molten Black Secrets
 23663 | Orc:1    | Received a gift from Okawaru
 23743 | Orc:1    | Reached XP level 16. HP: 132/149 MP: 25/25
 23979 | Spider:1 | Entered Level 1 of the Spider Nest
 24062 | Spider:1 | Identified the +0 leather armour of Starshine {rF+ Str+3}
 24298 | Spider:1 | Noticed Kirke
 24312 | Spider:1 | Killed Kirke
 24337 | Spider:1 | Noticed Azrael
 24420 | Spider:1 | Killed Azrael
 24420 | Spider:1 | Identified the +1 barding of the Learner {rC+} (Okawaru
                  | gifted it to you on level 1 of the Spider Nest)
 24420 | Spider:1 | Received a gift from Okawaru
 24421 | Spider:1 | Reached skill level 16 in Armour
 24494 | Spider:1 | Identified the +1 robe of Light {Will- Int+5}
 24573 | Spider:1 | Noticed Donald
 24594 | Spider:1 | Killed Donald
 25061 | Spider:1 | Lost mutation: You are weak. (Str -2) [potion of mutation]
 25061 | Spider:1 | Gained mutation: You are weak. (Str -2) [potion of
                  | mutation]
 25061 | Spider:1 | Lost mutation: You are weak. (Str -2) [potion of mutation]
 25061 | Spider:1 | Gained mutation: You have a pair of small horns on your
                  | head. [potion of mutation]
 25061 | Spider:1 | Gained mutation: You possess an exceptional clarity of
                  | mind. [potion of mutation]
 25061 | Spider:1 | Gained mutation: Your flesh is cold resistant. (rC+)
                  | [potion of mutation]
 25061 | Spider:1 | Lost mutation: You possess an exceptional clarity of mind.
                  | [potion of mutation]
 25061 | Spider:1 | Gained mutation: You expend magic power (3 MP) to
                  | strengthen your wands. [potion of mutation]
 25261 | Spider:2 | Reached skill level 15 in Shields
 26678 | Spider:4 | Entered Level 4 of the Spider Nest
 26753 | Spider:4 | Identified a scroll of acquirement
 26754 | Spider:4 | Acquired the +8 eveningstar "Mutoqoe" {drain, Str+3 Dex+4}
 26757 | Spider:4 | Identified the +16 crystal plate armour "Bismohos" {Rampage
                  | Regen+ Slay+2 SInv} (Okawaru gifted it to you on level 4 of
                  | the Spider Nest)
 26757 | Spider:4 | Received a gift from Okawaru
 27185 | Spider:4 | Reached XP level 17. HP: 160/160 MP: 26/26
 27219 | Spider:4 | Reached skill level 17 in Armour
 27501 | Spider:4 | HP: 7/160 [emperor scorpion (30)]
 27502 | Spider:4 | HP: 1/160 [emperor scorpion (22)]
 27507 | Spider:4 | HP: 3/160 [wolf spider (10)]
 28051 | Spider:4 | Identified the +8 lajatang of a Billion Nightmares {vamp,
                  | Dex+7} (Okawaru gifted it to you on level 4 of the Spider
                  | Nest)
 28051 | Spider:4 | Received a gift from Okawaru
 28363 | Spider:4 | Got a gossamer rune of Zot
 28672 | Elf:1    | Entered Level 1 of the Elven Halls
 28734 | Elf:1    | Found a huge runed translucent gate.
 28735 | Elf:1    | Found a huge runed translucent gate.
 28736 | Elf:1    | Found a huge runed translucent gate.
 28736 | Elf:1    | Found a huge runed translucent gate.
 28736 | Elf:1    | Found a huge runed translucent gate.
 28736 | Elf:1    | Found a huge runed translucent gate.
 28736 | Elf:1    | Found a huge runed translucent gate.
 28736 | Elf:1    | Found a huge runed translucent gate.
 28970 | Elf:1    | Found a runed translucent door.
 28979 | Elf:1    | Noticed SirDiesAlot's ghost (journeyman DEFE)
 29050 | Elf:1    | Killed SirDiesAlot's ghost
 29356 | Elf:1    | Identified the +3 troll leather armour of Foolhardiness
                  | {rF+ Regen+ Str+3 Dex+2} (Okawaru gifted it to you on level
                  | 1 of the Elven Halls)
 29356 | Elf:1    | Received a gift from Okawaru
 29385 | Elf:1    | Noticed a Tzitzimitl
 29444 | Elf:1    | Noticed an Ice Fiend
 29740 | Elf:1    | Found a runed translucent gate.
 29740 | Elf:1    | Found a runed translucent gate.
 29740 | Elf:1    | Found a runed translucent gate.
 29740 | Elf:1    | Found a runed translucent gate.
 29740 | Elf:1    | Found a runed translucent gate.
 29742 | Elf:1    | Found a runed translucent gate.
 29831 | Elf:1    | Noticed a deep elf blademaster
 29832 | Elf:1    | Noticed a deep elf blademaster
 30116 | Elf:1    | Killed a deep elf blademaster
 30122 | Elf:1    | Killed a deep elf blademaster
 30209 | Elf:2    | Found Ygeh Duwk's Jewellery Shoppe.
 30283 | Elf:2    | Found Loel's Magic Scroll Shoppe.
 30390 | Elf:2    | Identified the +0 scale mail of Leysil {rC+ Will+ Regen+}
 30545 | Elf:2    | Found a runed translucent gate.
 30545 | Elf:2    | Found a runed translucent gate.
 30551 | Elf:2    | Found a runed translucent gate.
 30707 | Elf:2    | Reached XP level 18. HP: 171/171 MP: 27/27
 30711 | Elf:2    | Reached skill level 18 in Armour
 30811 | Elf:2    | Got the Opusculum on Flames
 30822 | Elf:2    | Got Vaihupt's Almanac of the Birds
 30829 | Elf:2    | Got the Folio of Firn
 30875 | Elf:2    | Found Regiggih's Assorted Antiques.
 31211 | Elf:2    | Received a gift from Okawaru
 31437 | Elf:3    | Entered Level 3 of the Elven Halls
 31496 | Elf:3    | Found Molar's Distillery.
 31496 | Elf:3    | Found Teusaff's Antique Weapon Shop.
 31517 | Elf:3    | Found Ryl Dax's Magic Scroll Boutique.
 31519 | Elf:3    | Found Luuredy's Magic Scroll Shop.
 31521 | Elf:3    | Bought a scroll of blinking for 97 gold pieces
 32024 | Elf:3    | Reached skill level 15 in Maces & Flails
 32163 | Elf:3    | Identified the +0 leather armour "Ucath" {rElec Int-4
                  | Dex+2}
 32173 | Elf:3    | Noticed a Brimstone Fiend
 32322 | Elf:3    | Received a gift from Okawaru
 32331 | Elf:3    | Noticed a Hell Sentinel
 32454 | Elf:3    | Identified the ring of Ixirr {rElec Will- EV+5 Str-5 Int+9}
 32495 | Elf:3    | Identified the +1 plate armour "Poekhor" {rElec Int+2}
 32505 | Elf:3    | Received a gift from Okawaru
 32509 | Elf:3    | Identified the ring "Tueduw" {Fire Str+3 Dex+5}
 32517 | Elf:3    | Identified the +5 scale mail of the King of Pentacles
                  | {Rampage rElec Str+3}
 32555 | Elf:3    | Identified the ring of Borotiett {MP+9 Str+5}
 32573 | Elf:3    | Identified the +0 robe "Xoeris" {MP+9 Int+3 Dex+2 SInv}
 32585 | Elf:3    | Identified the +5 pair of boots of Grace {Str+3}
 32589 | Elf:3    | Got Sophisticated Witchery
 32913 | Elf:3    | Identified the +3 spear of Sulphur {freeze, rElec rC+}
 33141 | Swamp:1  | Entered Level 1 of the Swamp
 33191 | Swamp:1  | Reached skill level 19 in Armour
 33191 | Swamp:1  | Reached XP level 19. HP: 131/180 MP: 28/28
 33198 | Swamp:1  | Reached skill level 15 in Fighting
 33257 | Swamp:1  | Found a runed translucent door.
 33258 | Swamp:1  | Found a shimmering altar of Xom.
 33258 | Swamp:1  | Noticed snackwell's ghost (journeyman DsRe)
 33259 | Swamp:1  | Identified the +4 battleaxe "Ulamn" {chaos, *Noise Will+
                  | Str+2 Int+3}
 33723 | Swamp:1  | Killed snackwell's ghost
 33726 | Swamp:1  | Identified the ring of Yrros {Fly rC- MP+9 Str+5}
 33797 | Swamp:2  | Reached skill level 1 in Throwing
 34217 | Swamp:3  | Received a gift from Okawaru
 34357 | Swamp:3  | Identified the +1 helmet "Qeunt" {SInv}
 34530 | Swamp:4  | Entered Level 4 of the Swamp
 34817 | Swamp:4  | Received a gift from Okawaru
 34913 | Swamp:4  | Reached skill level 5 in Throwing
 35030 | Swamp:4  | Got a decaying rune of Zot
 35274 | Vaults:1 | Entered Level 1 of the Vaults
 35379 | Vaults:1 | HP: 5/181 [ironbound thunderhulk/bolt of lightning (49)]
 35381 | Vaults:1 | Killed from afar by an ironbound thunderhulk

Illustrated notes

Levels and vault maps discovered:
D:1:      lemuel_arrival_hallway, layout_loops_ring, minmay_indecisive_spiral
D:2:      layout_loops_cross, dreamdust_ecumenical_altar_drowned_temple
D:3:      minmay_razor_zed, layout_rooms
D:4:      corexii_shantytown, layout_basic
D:5:      layout_basic
D:6:      layout_basic
D:7:      layout_basic, minmay_temple_entry_sparse_star, serial_glass,
          glass_columns_c, glass_columns_a, nicolae_alphabet_shops
D:8:      layout_layer_cave, minmay_overflow_temple_hex, uniq_joseph, uniq_pikel
D:9:      layout_basic, lair_entry_dummy, david_orc_2, minmay_misc_feat_iff
D:10:     minmay_blocky_corners, layout_irregular_city,
          mainiacjoe_overflow_brackets, st_stairs_6, minmay_quadrilaterals
D:11:     layout_roguey, minivault_23, minmay_three_doors, uniq_maurice
D:12:     layout_rooms
D:13:     layout_roguey, skrybe_vaults_entry_preservation, dk_noncrumbling_2,
          nicolae_ru_great_annihilating_truth
D:14:     layout_basic, portal_ice_cave_entry_ice_statue_one,
          lightli_elemental_guards
D:15:     hangedman_depths_entry_try_elsewhere_first, layout_layer_cave
Temple:   nicolae_temple_no_exploring_needed
Lair:1:   layout_regular_city, uniq_amaemon
Lair:2:   layout_hall_layers, nicolae_swamp_entry_splash_gauntlet,
          cheibrodos_lair_caveside_slide, infiniplex_staircase_pool
Lair:3:   layout_roguey, nicolae_spider_entry_tight_spaces, grunt_megastairs_3,
          serial_bayou_shore_b, serial_bayou_shore_a, lemuel_fruit_fields,
          lemuel_fruit_tree, lemuel_fruit_fields
Lair:4:   gammafunk_indiana_jones, layout_layer_cave
Lair:5:   grunt_lair_end_beastmaster, layout_cave_pods, slime_entry_1,
          eino_small_chamber_without_monster
Swamp:1:  layout_basic_swamp, ebering_ghost_xom, serial_swamp_ruin,
          evilmike_swamp_ruin_rubble_2, evilmike_swamp_ruin_rubble_1,
          swamp_pool3, nicolae_swamp_catching_bugs
Swamp:2:  layout_basic_swamp, evilmike_swamp_ruin_house_5
Swamp:3:  layout_basic_swamp, evilmike_swamp_ruin_house_6
Swamp:4:  swamp_basic_johnstein, layout_basic_swamp
Spider:1: layout_cave_pods, hellmonk_motheaten_closet, uniq_donald, uniq_kirke,
          uniq_azrael
Spider:2: layout_spider_delve, nicolae_spider_webs_and_nodes,
          hangedman_spider_tarantella_strand
Spider:3: layout_spider_delve, nicolae_spider_webbed_stairs
Spider:4: grunt_spider_rune_circles
Orc:1:    layout_caves, serial_shops, shop, minmay_orc_treasury
Orc:2:    st_orc_rangers, layout_caves, serial_shops,
          nicolae_shop_advertising_works [nicolae_subvault_shop_adworks],
          uniq_snorg
Elf:1:    layout_geoelf_grid, ebering_ghost_reflecting_pool, orc_legates,
          nicolae_elf_double_double_double_trouble
Elf:2:    nicolae_elf_blades_splatter_lattice [mumra_blade_entry_dagger],
          layout_geoelf_grid, serial_shops, nicolae_square_shop, shop, shop,
          nicolae_elf_elemental_lessons
Elf:3:    minmay_elf_hall_furrowed, layout_gridlike, grunt_megastairs_5,
          minmay_shoptagon
Vaults:1: vaults_dpeg_diagonal, nicolae_vaults_little_squares_5, v_misc_13,
          st_star, v_alt_pattern_6, v_misc_9, vaults_mumra_hexcomb, v_misc_10,
          vaults_mumra_hex, v_misc_24, vaults_mumra_minichess, v_misc_25,
          layout_vaults_omnicross

Skill      XL: |  1  2  3  4  5  6  7  8  9 10 11 12 13 14 15 16 17 18 19 |
---------------+----------------------------------------------------------+-----
Maces & Flails | 2 3 4 5 7 8 10 11 12 14 15 16 | 16.0
Armour         | 4 5 6 7 8 9 11 12 13 14 15 16 17 19 | 19.6
Fighting       | 3 4 5 6 7 8 9 10 11 12 13 14 15 | 15.5
Shields        | 4 5 6 7 9 10 11 12 13 14 15 16 17 18 | 18.2
Invocations    | 5 9 11 12 | 12.0
Dodging        | 3 6 8 |  8.0
Throwing       | 5 |  5.4

Action                   |  1- 3 |  4- 6 |  7- 9 | 10-12 | 13-15 | 16-18 | 19-21 || total
-------------------------+-------+-------+-------+-------+-------+-------+-------++-------
Melee: Flail             |   145 |   266 |   195 |   336 |       |       |       ||   942
       Tailslap          |    11 |    25 |    38 |    89 |   273 |   250 |    54 ||   740
       Morningstar       |       |       |    67 |       |       |       |       ||    67
       Unarmed           |       |       |    30 |       |       |       |       ||    30
       Demon whip        |       |       |       |   233 |  1342 |   522 |       ||  2097
       Headbutt          |       |       |       |       |       |   276 |    82 ||   358
       Eveningstar       |       |       |       |       |       |   764 |   313 ||  1077
Throw: Dart              |       |       |    20 |     6 |       |       |       ||    26
  Use: Scroll            |       |     5 |     6 |     3 |     9 |     9 |     1 ||    33
       Potion            |       |     3 |     2 |     2 |     2 |    12 |     3 ||    24
 Stab: Paralysed         |       |       |       |       |     1 |     1 |       ||     2
       Confused          |       |       |       |       |       |     1 |     1 ||     2
Armor: Scale mail        |    81 |    21 |       |       |       |       |       ||   102
       Plate armour      |       |   206 |   192 |   209 |   167 |       |       ||   774
       Chain mail        |       |       |       |   276 |    25 |       |       ||   301
       Robe              |       |       |       |       |   382 |   387 |       ||   769
       Crystal plate arm |       |       |       |       |       |   842 |   207 ||  1049
Dodge: Dodged            |    59 |    59 |    80 |   148 |   247 |   427 |   117 ||  1137
Block: Buckler           |    26 |    54 |    54 |   180 |    11 |       |       ||   325
       Kite shield       |       |       |       |       |   684 |  1024 |   215 ||  1923
       Reflection        |       |       |       |       |       |    40 |     7 ||    47

Table legend: (Time is in decaauts)
 A = Elapsed time spent in this place.
 B = Non-inter-level travel time spent in this place.
 C = Inter-level travel time spent in this place.
 D = Time resting spent in this place.
 E = Time spent auto-exploring this place.
 F = Levels seen in this place.
 G = Mean time per level.
                   A        B        C        D        E       F      G
               +--------+--------+--------+--------+--------+-----+--------+
         Total |  34579 |  32161 |   2418 |   1291 |  23307 |  35 |  988.0 |
       Dungeon |  16424 |  15460 |    964 |    760 |  11878 |  15 | 1094.9 |
        Temple |     14 |     14 |      0 |      0 |      0 |   1 |   14.0 |
          Lair |   5870 |   5273 |    597 |    207 |   3994 |   5 | 1174.0 |
         Swamp |   1910 |   1780 |    130 |      0 |   1317 |   4 |  477.5 |
   Spider Nest |   4284 |   4036 |    248 |    198 |   2639 |   4 | 1071.0 |
  Orcish Mines |   1745 |   1545 |    200 |     50 |    799 |   2 |  872.5 |
   Elven Halls |   4228 |   3952 |    276 |     75 |   2613 |   3 | 1409.3 |
        Vaults |    100 |    100 |      0 |      0 |     65 |   1 |  100.0 |
               +--------+--------+--------+--------+--------+-----+--------+

Top non-repeatable levels by time:
     D:9: 1980 daAuts
     D:8: 1795 daAuts
    D:10: 1624 daAuts
   Elf:1: 1509 daAuts
   Elf:3: 1459 daAuts
     D:4: 1400 daAuts
  Lair:4: 1363 daAuts
    D:15: 1362 daAuts
  Lair:2: 1322 daAuts
Spider:4: 1302 daAuts
   Elf:2: 1259 daAuts
  Lair:5: 1182 daAuts
     D:5: 1168 daAuts
Spider:1: 1092 daAuts
     D:1: 1053 daAuts
